 Dungeon Crawl Stone Soup version 0.28-a0-1447-ga5a8893891 (webtiles) character file.

Game seed: 12746181068451125520

28 croobank the Ruffian (level 3, -1/29 HPs)
             Began as a Draconian Transmuter on Jan 10, 2022.
             Slain by a jackal (3 damage)
             ... on level 2 of the Dungeon.
             The game lasted 00:06:11 (1039 turns).

croobank the Ruffian (Draconian Transmuter)         Turns: 1039, Time: 00:06:11

Health: -1/29      AC:  5    Str: 14    XL:     3   Next: 0%
Magic:  6/6        EV: 12    Int: 13    God:
Gold:   54         SH:  0    Dex: 11    Spells: 5/6 levels left

rFire   . . .      SeeInvis .   j - +1 mace
rCold   . . .      Faith    .   (no shield)
rNeg    . . .      Spirit   .   (armour unavailable)
rPois   .          Reflect  .   (helmet restricted)
rElec   .          Harm     .   (no cloak)
rCorr   .          Rampage  .   (no gloves)
Will    .....                   (no boots)
Stlth   +.........              (no amulet)
HPRegen 0.09/turn               (no ring)
MPRegen 0.10/turn               (no ring)

@: mighty, weak-willed
A: AC +5, unfitting armour, cold-blooded
a: no special abilities


You were on level 2 of the Dungeon.
You visited 1 branch of the dungeon, and saw 2 of its levels.

You collected 54 gold pieces.

Inventory:

Hand Weapons
 b - a +1 vorpal hunting sling
 h - a +0 dagger of holy wrath
 j - a +1 mace (weapon)
Missiles
 k - 19 stones
 l - 22 bolts
Scrolls
 i - a scroll of identify {unknown}


   Skills:
 + Level 1.7 Fighting
 - Level 0.1 Short Blades
 + Level 0.0 Maces & Flails
 + Level 2.1 Dodging
 - Level 3.2 Unarmed Combat
 + Level 2.2 Spellcasting
 + Level 2.3 Transmutations


You had 5 spell levels left.
You knew the following spells:

 Your Spells              Type           Power      Damage    Failure   Level
a - Beastly Appendage     Tmut           14%        N/A       10%         1

Your spell library contained the following spells:

 Spells                   Type           Power      Damage    Failure   Level
 Wereblood                Tmut           7%         N/A       14%         2
 Spider Form              Tmut/Pois      4%         N/A       41%         3
 Ice Form                 Ice/Tmut       4%         N/A       83%         4


Dungeon Overview and Level Annotations

Branches:
Dungeon (2/15)

Altars:


Innate Abilities, Weirdness & Mutations

Your plain brown scales are hard. (AC +5)
You cannot fit into any form of body armour.
You are cold-blooded and may be slowed by cold attacks.


Message History

The jackal bites you but does no damage.
As you read the scroll labelled QIOPRU NIKKAKAUGA, it crumbles to dust.
It is a scroll of enchant weapon.
Your +0 mace glows red for a moment.
The jackal barely misses you. The jackal bites you.
* * * LOW HITPOINT WARNING * * *
As you read the scroll labelled UJAPUR YM KASH, it crumbles to dust.
Wisps of shadow whirl around you...
It was a scroll of summoning.
The jackal misses you.
The jackal bites you but does no damage.
The rat misses your bat. The jackal misses you. The jackal closely misses you.
Your bat closely misses the adder.
Your bat barely misses the adder.
The adder barely misses you.
Your bat hits the adder. The jackal closely misses you.
Found a spear.
Your bat closely misses the jackal.
The jackal bites you.
* * * LOW HITPOINT WARNING * * *
The jackal completely misses you.
The rat bites your dart slug but does no damage.
Your bat hits the rat but does no damage. x2
Your dart slug bites the jackal.
Your bat barely misses the rat.
Something completely misses your bat.
Your bat barely misses the rat.
The jackal bites your dart slug. Something bites your bat.
The jackal bites you but does no damage.
Your bat closely misses the rat.
Your dart slug misses the jackal.
The jackal bites your dart slug.
You closely miss the jackal.
The jackal bites you but does no damage.
The jackal barely misses you.
As you read the scroll labelled QEIJUC IGGEL, it crumbles to dust.
The creatures around you are filled with an inner flame!
It was a scroll of immolation.
The jackal closely misses you. The jackal bites you.
* * * LOW HITPOINT WARNING * * *
You closely miss the jackal.
You tail-slap the jackal, but do no damage.
The jackal bites you but does no damage.
The jackal bites you.
You die...

....#..#...........§§§§§§..#
....#.<..#######...§§.#§§#...
........## #......##.# ...
...##..## ###wb....# ... ..
...###.# ##.hr.....# ##.. .
...# .# ##..##.....# ...
#.#####..######.## ..
........#######.#
##...##..hh@.# ..
#.#..).####....... #.......
.####.# ##.#.... .# .. #.....
.# . #..... .# ####### ##


You could see 2 jackals.

Vanquished Creatures
  A dart slug (D:1)
  2 ball pythons (D:1)
  An endoplasm (D:2)
  A giant cockroach (D:2)
  7 goblins
  2 hobgoblins (D:1)
  2 kobolds
  2 quokkas (D:2)
  3 bats
  A frilled lizard (D:2)
  A rat (D:2)
23 creatures vanquished.

Notes
Turn   | Place    | Note
-------+----------+-------------------------------------------
     0 | D:1      | croobank the Draconian Transmuter began the quest for the
                  | Orb.
     0 | D:1      | Reached XP level 1. HP: 16/16 MP: 3/3
   254 | D:1      | Reached XP level 2. HP: 23/23 MP: 3/5
  1013 | D:2      | Reached XP level 3. HP: 13/29 MP: 4/6
  1039 | D:2      | Slain by a jackal

Illustrated notes

Levels and vault maps discovered:
D:1:      shiori_arrival_oz, layout_basic, patterned_corridor
D:2:      layout_rooms, minmay_pentomino_u4

Skill      XL: |  1  2 |
---------------+-------+-----
Dodging        | 2 |  2.1
Fighting       | |  1.7
Short Blades   | |  0.1
Unarmed Combat | |  3.2
Spellcasting   | |  2.2
Transmutations | |  2.3

Action                   || total
-------------------------++-------
Melee: Unarmed           ||    34
       Kick              ||     9
       Headbutt          ||     8
       Dagger            ||    13
       Mace              ||    15
       Tailslap          ||     4
       Punch             ||     1
 Cast: Beastly Appendage ||    12
  Use: Scroll            ||     5
       Potion            ||     1
Armor: Skin              ||    37
Dodge: Dodged            ||    71

Table legend: (Time is in decaauts)
 A = Elapsed time spent in this place.
 B = Non-inter-level travel time spent in this place.
 C = Inter-level travel time spent in this place.
 D = Time resting spent in this place.
 E = Time spent auto-exploring this place.
 F = Levels seen in this place.
 G = Mean time per level.
                   A        B        C        D        E       F      G
               +--------+--------+--------+--------+--------+-----+--------+
         Total |   1042 |   1013 |     29 |    144 |    632 |   2 |  521.0 |
       Dungeon |   1042 |   1013 |     29 |    144 |    632 |   2 |  521.0 |
               +--------+--------+--------+--------+--------+-----+--------+

Top non-repeatable levels by time:
     D:1: 827 daAuts
     D:2: 215 daAuts
